 Dungeon Crawl Stone Soup version 0.31-a0-358-gac0dbeb3ab (webtiles) character file.

Game seed: 15930654919032314457

1736 Locuples the Cleaver (level 8, -2/73 HPs)
             Began as a Minotaur Monk on July 26, 2023.
             Was a Believer of Dithmenos.
             Slain by Pikel
             ... wielding a +0 whip of freezing
              (7 damage)
             ... on level 7 of the Dungeon.
             The game lasted 00:11:53 (4921 turns).

Locuples the Cleaver (Minotaur Monk)                Turns: 4921, Time: 00:11:54

Health: -2/73      AC: 11    Str: 24    XL:     8   Next: 76%
Magic:  7/7        EV: 17    Int:  7    God:    Dithmenos [**....]
Gold:   146        SH:  0    Dex: 19    Spells: 2/7 levels left

rFire   x . .        C - +2 bardiche of Zurch {drain, *Slow Str+6 SInv}
rCold   + + .        (shield currently unavailable)
rNeg    . . .        g - +0 ice dragon scales
rPois   .            (helmet restricted)
rElec   .            (no cloak)
rCorr   .            (no gloves)
SInv    +            (no boots)
Will    .....        j - amulet of faith Stlth
                     y - +6 ring of dexterity
HPRegen 0.32/turn    A - +5 ring of evasion
MPRegen 0.10/turn

%: slow self (1%), faith
@: about to teleport, slowed, wreathed by umbra, very slow
A: horns 2, retaliatory headbutt
a: Renounce Religion, Shadow Step


You were on level 7 of the Dungeon.
You worshipped Dithmenos.
Dithmenos was pleased with you.
You visited 2 branches of the dungeon, and saw 8 of its levels.

You collected 282 gold pieces.
You spent 136 gold pieces at shops.

Inventory:

Hand Weapons
 C - the +2 bardiche of Zurch (weapon) {drain, *Slow Str+6 SInv}
   (You found it on level 6 of the Dungeon)

   Str:       It affects your strength (+6).
   SInv:      It lets you see invisible.
   *Slow:     It may slow you when you take damage.
Missiles
 i - a throwing net
Armour
 g - +0 ice dragon scales (worn)
Jewellery
 d - a +5 ring of evasion
 j - an amulet of faith (around neck)
 m - a +5 ring of evasion
 u - a ring of positive energy
 y - a +6 ring of dexterity (left hand)
 A - a +5 ring of evasion (right hand)
Wands
 t - a wand of mindburst (16)
Scrolls
 a - 4 scrolls of identify
 b - a scroll of poison
 f - 2 scrolls of immolation
 h - a scroll of teleportation
 o - 2 scrolls of amnesia
 q - 3 scrolls of blinking
 s - a scroll of noise
 E - a scroll of vulnerability {unknown}
Potions
 k - a potion of haste {unknown}
 l - a potion of heal wounds {unknown}
 n - a potion of mutation {unknown}
 p - 2 potions of curing
 r - a potion of cancellation {unknown}
 v - 2 potions of lignification {unknown}
 w - a potion of magic {unknown}
 x - 2 potions of experience {unknown}
 z - a potion of degeneration {unknown}
 B - a potion of attraction {unknown}
 D - a potion of enlightenment {unknown}


   Skills:
 + Level 7.1 Fighting
 + Level 10.3 Axes
 + Level 5.8 Armour
 + Level 4.7 Dodging
 + Level 0.5 Stealth


You had 2 spell levels left.
You knew the following spells:

 Your Spells              Type           Power      Damage    Failure   Level
a - Mephitic Cloud        Conj/Pois/Air  0%         N/A       98%         3
b - Passwall              Tmut/Erth      0%         N/A       88%         2

Your spell library contained the following spells:

 Spells                   Type           Power      Damage    Failure   Level
 Magic Dart               Conj           0%         1d3       77%         1
 Sandblast                Erth           0%         2d4       77%         1
 Call Imp                 Summ           0%         N/A       88%         2
 Sublimation of Blood     Necr           0%         N/A       88%         2
 Wereblood                Tmut           0%         N/A       88%         2
 Frozen Ramparts          Ice            0%         1d1       98%         3
 Ozocubu's Armour         Ice            0%         N/A       98%         3
 Stone Arrow              Conj/Erth      0%         3d7       98%         3
 Tukima's Dance           Hex            0%         N/A       98%         3
 Animate Armour           Summ/Erth      0%         N/A       100%        4
 Passage of Golubria      Tloc           0%         N/A       100%        4
 Petrify                  Tmut/Erth      0%         N/A       100%        4
 Summon Lightning Spire   Summ/Air       0%         N/A       100%        4
 Lee's Rapid Deconstruct  Erth           0%         3d4*      100%        5
 Metabolic Englaciation   Hex/Ice        0%         N/A       100%        5
 Yara's Violent Unravell  Hex/Tmut       0%         3d3       100%        5
 Simulacrum               Ice/Necr       0%         N/A       100%        6
 Summon Hydra             Summ           0%         N/A       100%        7


Dungeon Overview and Level Annotations

Branches:
Dungeon (7/15)             Temple (1/1) D:5

Altars:
Ashenzari
Cheibriados
Dithmenos
Elyvilon
Fedhas
Gozag
Hepliaklqana
Kikubaaqudgha
Makhleb
Nemelex Xobeh
Qazlal
Ru
Sif Muna
Trog
Uskayaw
Vehumet
Wu Jian
Xom
Yredelemnul
Zin
The Shining One

Shops:
D:3 *?:   D:5 *

Annotations:
D:7 Pikel
Temple 2 transporters


Innate Abilities, Weirdness & Mutations

You have a pair of horns on your head.
You reflexively headbutt those who attack you in melee.


Message History

You resist with some effort.
The orc wizard hits you but does no damage.
Pikel says, "Hell isn't that bad."
Pikel hits you but does no damage. The lemure hits you.
The orc wizard barely misses you. The lemure barely misses you.
Pikel says, "Hell isn't that bad."
Pikel zaps a wand.
You shrug off the repeated paralysis!
The orc wizard hits you but does no damage.
You can move again.
Okay, then.
You completely miss the orc wizard.
The orc wizard is severely wounded.
The lemure misses you. Pikel barely misses you.
The orc wizard hits you but does no damage.
The lemure hits you!
* * * LOW HITPOINT WARNING * * *
Pikel zaps a wand.
You shrug off the repeated paralysis!
The lemure hits you.
* * * LOW HITPOINT WARNING * * *
Pikel hits you with a +0 whip of freezing.
* * * LOW HITPOINT WARNING * * *
The lemure completely misses you.
You barely miss Pikel. Your headbutt misses Pikel.
Pikel is moderately wounded.
The lemure hits you but does no damage.
Pikel zaps a wand.
You suddenly lose the ability to move!
The lemure hits you but does no damage. x2
The lemure hits you.
* * * LOW HITPOINT WARNING * * *
Pikel hits you but does no damage.
You can move again.
As you read the scroll of fog, it dissolves into smoke.
The lemure barely misses you. You furiously retaliate!
You headbutt the lemure! Pikel completely misses you.
The lemure barely misses you. x2
The lemure hits you.
* * * LOW HITPOINT WARNING * * *
Pikel misses you.
As you read the scroll of teleportation, it crumbles to dust.
You feel strangely unstable. The lemure closely misses you.
Pikel hits you with a +0 whip of freezing!
You die...

#.##.##.## #...###≈#
#.##.##.#
#####.....#≈
#.##.##.###.........#
..##...<.)..........#
#######.###.........#
#.......###.......#
#.###.#.# #.#...#.#
#.###.#[# #.#§§§#.#
###.##..#.# #.§5@§..#
#...##.##.# #.##K##.#
#.#.##.##.# #.o5oo§.#
#.#.......# #>#o§##.#
#.####.#### #.#.## #
#......# #. #.######
.. ..# .. ### ...


You could see Pikel, 2 lemures and 2 orc wizards.

Vanquished Creatures
  A steam dragon (D:7)
  2 ice beasts (D:6)
  An orc warrior (D:7)
  A sky beast (D:4)
  A black bear (D:4)
  An ogre (D:7)
  A centaur (D:5)
  2 lemures (D:7)
  4 bullfrogs
  2 scorpions
  A howler monkey (D:5)
  3 hounds
  An orc priest (D:7)
  A gnoll bouda (D:7)
  2 jellies
  3 iguanas
  3 orc wizards (D:7)
  8 adders
  5 gnolls (D:7)
  A shadow imp (D:5)
  An ufetubus (D:6)
  A worm (D:3)
  9 orcs
  3 bats
  An endoplasm (D:2)
  5 giant cockroaches
  7 goblins
  6 hobgoblins
  4 jackals
  4 kobolds (D:2)
  6 quokkas
  6 ball pythons
  5 frilled lizards
  4 rats
106 creatures vanquished.

Notes
Turn   | Place    | Note
-------+----------+-------------------------------------------
     0 | D:1      | Locuples the Minotaur Monk began the quest for the Orb.
     0 | D:1      | Reached XP level 1. HP: 19/19 MP: 0/0
   195 | D:1      | Found a faded altar of an unknown god.
   232 | D:1      | Reached XP level 2. HP: 22/27 MP: 1/1
   245 | D:1      | Reached skill level 4 in Axes
  1113 | D:2      | Reached XP level 3. HP: 33/33 MP: 2/2
  1630 | D:2      | Reached XP level 4. HP: 41/41 MP: 3/3
  2268 | D:3      | Found a stormy altar of Qazlal.
  2285 | D:3      | Reached skill level 5 in Axes
  2285 | D:3      | Reached skill level 1 in Armour
  2294 | D:3      | Found Wutafem's Magic Scroll Emporium.
  2298 | D:3      | Bought a scroll of identify for 22 gold pieces
  2298 | D:3      | Bought a scroll of identify for 22 gold pieces
  2298 | D:3      | Bought a scroll of identify for 22 gold pieces
  2298 | D:3      | Bought a scroll of identify for 22 gold pieces
  2353 | D:3      | Found Nialakly's General Store.
  2500 | D:3      | Found Wodouse's Book Emporium.
  2534 | D:3      | Found Fonoghe's Assorted Antiques.
  2849 | D:4      | Noticed a black bear
  2855 | D:4      | Killed a black bear
  2856 | D:4      | Reached XP level 5. HP: 47/47 MP: 4/4
  2859 | D:4      | Reached skill level 6 in Axes
  2882 | D:4      | Noticed a sky beast
  2893 | D:4      | Killed a sky beast
  2894 | D:4      | Reached XP level 6. HP: 55/55 MP: 5/5
  3002 | D:4      | Reached skill level 5 in Fighting
  3391 | D:5      | Entered Level 5 of the Dungeon
  3418 | D:5      | Reached skill level 7 in Axes
  3475 | D:5      | Found a staircase to the Ecumenical Temple.
  3490 | Temple   | Found a transporter.
  3490 | Temple   | Found a transporter.
  3490 | Temple   | Found a transporter.
  3490 | Temple   | Found a transporter.
  3490 | Temple   | Entered the Ecumenical Temple
  3506 | Temple   | Became a worshipper of Dithmenos the Shadowed
  3506 | Temple   | Reached * piety under Dithmenos
  3506 | Temple   | Reached ** piety under Dithmenos
  3572 | D:5      | Reached XP level 7. HP: 58/61 MP: 6/6
  3584 | D:5      | Found Muawiuf's Assorted Antiques.
  3594 | D:5      | Bought a scroll of identify for 48 gold pieces
  3924 | D:6      | Reached skill level 8 in Axes
  4162 | D:6      | Identified the +2 bardiche of Zurch {drain, *Slow Str+6
                  | SInv}
  4243 | D:6      | Reached skill level 9 in Axes
  4243 | D:6      | Reached XP level 8. HP: 64/70 MP: 7/7
  4322 | D:6      | Learned a level 3 spell: Mephitic Cloud
  4326 | D:6      | Learned a level 2 spell: Passwall
  4475 | D:7      | Reached skill level 5 in Armour
  4497 | D:7      | Reached skill level 10 in Axes
  4776 | D:7      | Found a broken altar of Ashenzari.
  4899 | D:7      | Noticed Pikel
  4906 | D:7      | Paralysed by Pikel for 5 turns
  4913 | D:7      | Paralysed by Pikel for 5 turns
  4918 | D:7      | Paralysed by Pikel for 2 turns
  4921 | D:7      | Slain by Pikel

Illustrated notes

Levels and vault maps discovered:
D:1:      evilmike_arrival_home_sweet_home, layout_basic,
          chequers_ecumenical_altar_island, st_stairs_5
D:2:      layout_basic, serial_forest, infiniplex_forest_lined_room_2,
          infiniplex_forest_zigzag_2, infiniplex_forest_corner_1,
          infiniplex_forest_lined_2, infiniplex_forest_clump_medium,
          infiniplex_forest_clump_small, infiniplex_forest_corner_1,
          infiniplex_forest_clump_long, nicolae_concentric_dashed_squares_wild
D:3:      layout_loops_cross, mainiacjoe_overflow_catwalk, serial_shops, shop,
          shop, nicolae_square_shop, nicolae_shop_back_alley_shop,
          guppyfry_early_lair_pool
D:4:      layout_loops_ring
D:5:      layout_rooms, minmay_temple_entry_offerings, serial_shops,
          nicolae_shop_stone, skrybe_limestone_x
D:6:      layout_rooms
D:7:      layout_loops_cross, mainiacjoe_overflow_alcove_4, serial_aquarium,
          aquarium_bridge_square [aquarium_subvault_bridge,
          aquarium_subvault_bridge, aquarium_subvault_wall,
          aquarium_subvault_wall], aquarium_bridge_straight
          [aquarium_subvault_bridge, aquarium_subvault_wall,
          aquarium_subvault_bridge, aquarium_subvault_wall],
          aquarium_window_fake, aquarium_window_corner, aquarium_window_corner,
          aquarium_window_2, aquarium_view_2d, uniq_pikel
Temple:   hellmonk_temple_divided_pantheon

Skill      XL: |  1  2  3  4  5  6  7  8 |
---------------+-------------------------+-----
Axes           | 4 5 6 7 9 10 | 10.3
Fighting       | 4 5 6 7 |  7.1
Armour         | 2 3 4 5 |  5.8
Dodging        | 4 |  4.7
Stealth        | |  0.5

Action                     |  1- 3 |  4- 6 |  7- 9 || total
---------------------------+-------+-------+-------++-------
  Melee: Hand axe          |    36 |       |       ||    36
         Headbutt          |     8 |    47 |    11 ||    66
         War axe           |    28 |   170 |    52 ||   250
         Bardiche          |       |       |    53 ||    53
    Use: Scroll            |       |     7 |     5 ||    12
         Potion            |       |       |     4 ||     4
 Armour: Robe              |     3 |       |       ||     3
         Leather armour    |     7 |     2 |       ||     9
         Ice dragon scales |       |    24 |    53 ||    77
  Dodge: Dodged            |    58 |    53 |   118 ||   229

Table legend: (Time is in decaauts)
 A = Elapsed time spent in this place.
 B = Non-inter-level travel time spent in this place.
 C = Inter-level travel time spent in this place.
 D = Time resting spent in this place.
 E = Time spent auto-exploring this place.
 F = Levels seen in this place.
 G = Mean time per level.
                   A        B        C        D        E       F      G
               +--------+--------+--------+--------+--------+-----+--------+
         Total |   5015 |   4770 |    245 |     97 |   3531 |   8 |  626.9 |
       Dungeon |   4981 |   4736 |    245 |     97 |   3531 |   7 |  711.6 |
        Temple |     33 |     33 |      0 |      0 |      0 |   1 |   33.0 |
               +--------+--------+--------+--------+--------+-----+--------+

Top non-repeatable levels by time:
     D:2: 1038 daAuts
     D:1: 1012 daAuts
     D:4: 724 daAuts
     D:3: 668 daAuts
     D:6: 590 daAuts
     D:7: 490 daAuts
     D:5: 456 daAuts
  Temple: 33 daAuts
